 Dungeon Crawl Stone Soup version 0.20.1-1-g8b1a95d (webtiles) character file.

95 myopia the Slinger (level 4, -1/29 HPs)
             Began as a Halfling Hunter on Jan 4, 2018.
             Killed by divine providence
             ... invoked by an orc priest
              (10 damage)
             ... on level 3 of the Dungeon.
             The game lasted 00:06:59 (1536 turns).

myopia the Slinger (Halfling Hunter)                Turns: 1536, Time: 00:06:59

Health: -1/29      AC:  3    Str: 13    XL:     4   Next: 97%
Magic:  4/4        EV: 14    Int:  9    God:
Gold:   85         SH:  0    Dex: 15    Spells: 3/3 levels left

rFire    . . .     SeeInvis .   a - +1 hunting sling
rCold    . . .     Gourm    .   (shield restricted)
rNeg     . . .     Faith    .   c - +0 leather armour
rPois    .         Spirit   .   (no helmet)
rElec    .         Reflect  .   (no cloak)
rCorr    .         Harm     .   (no gloves)
MR       .....                  (no boots)
Stlth    ++........             (no amulet)
Regen    0.1/turn               (no ring)
MPRegen  0.1/turn               (no ring)

@: flying
A: mutation resistance 1
a: no special abilities


You were on level 3 of the Dungeon.
You were hungry.

You visited 1 branch of the dungeon, and saw 3 of its levels.

You collected 85 gold pieces.

Inventory:

Hand Weapons
 a - a +1 hunting sling (weapon)
 b - a +0 short sword
 h - a cursed +0 spear
Missiles
 d - 18 sling bullets (quivered)
 g - 94 stones
Armour
 c - a +0 leather armour (worn)
Jewellery
 k - an uncursed ring of protection from cold {unknown}
Scrolls
 e - a scroll of magic mapping {unknown}
 i - 3 scrolls of teleportation {unknown}
 m - a scroll of random uselessness {unknown}
Potions
 j - a potion of flight
 n - 2 potions of curing
 p - a potion of lignification {unknown}
Comestibles
 f - 5 bread rations
 l - a meat ration
 o - 3 fruits


   Skills:
 - Level 1.7 Fighting
 + Level 8.5 Slings
 - Level 2.1 Dodging
 - Level 1.1 Stealth


You had 3 spell levels left.
You didn't know any spells.

Dungeon Overview and Level Annotations

Branches:
Dungeon (3/15)

Altars:
Dithmenos
Hepliaklqana
Uskayaw
Xom


Innate Abilities, Weirdness & Mutations

You are small and have problems with some larger weapons.
You are somewhat resistant to further mutation.


Message History

You shoot a sling bullet. The sling bullet hits the orc priest.
You kill the orc priest!
The orc priest calls down the wrath of Beogh upon you.
Pain shoots through your body!
* * * LOW HITPOINT WARNING * * *
You are too injured to fight recklessly!
It was a potion of curing.
You feel better.
You are too injured to fight recklessly!
It was a potion of flight.
You feel very buoyant.
You fly up into the air.
You are too injured to fight recklessly!
Firing (i - inventory. (,) - cycle):
d - 19 sling bullets (quivered)
Press: ? - help, Shift-Dir - straight line, f - orc priest
Aim: an orc priest, wielding a club You shoot a sling bullet.
The sling bullet hits the orc priest!
The orc priest is severely wounded.
The orc priest calls down the wrath of Beogh upon you.
Beogh smites you!
You die...

### ### ### #.. ..#
...#.# #.#
#.###.#.####.#########
..(oo................#
#.#@##.#.#######.###
#....#............
####.##########.##
#.......>...†....
###.####)###..#.# #..#
#.###>.#.. ######
#...#..##. #....#
#.#.#...#. #.##.#
###.#.#.#.


You could see an orc priest and an orc.

Vanquished Creatures
  An orc priest (D:3)
  An adder (D:2)
  A worm (D:2)
  2 dart slugs
  2 leopard geckos
  An orc (D:3)
  A giant cockroach (D:2)
  6 goblins
  5 hobgoblins
  A quokka (D:2)
  3 ball pythons
  7 bats
  2 frilled lizards
  9 kobolds
  6 rats
48 creatures vanquished.

Notes
Turn   | Place    | Note
-------+----------+-------------------------------------------
     0 | D:1      | myopia the Halfling Hunter began the quest for the Orb.
     0 | D:1      | Reached XP level 1. HP: 14/14 MP: 1/1
    69 | D:1      | Reached skill level 6 in Slings
   155 | D:1      | Reached XP level 2. HP: 19/19 MP: 2/2
   271 | D:1      | Reached skill level 7 in Slings
   271 | D:1      | Reached XP level 3. HP: 24/24 MP: 3/3
   605 | D:2      | Found a shadowy altar of Dithmenos.
   858 | D:2      | Found a hide-covered altar of Uskayaw.
  1021 | D:2      | Found a hazy altar of Hepliaklqana.
  1028 | D:2      | Found a shimmering altar of Xom.
  1029 | D:2      | Noticed a spectral ugly thing
  1052 | D:2      | Reached XP level 4. HP: 29/29 MP: 4/4
  1074 | D:2      | Found a shadowy altar of Dithmenos.
  1335 | D:3      | Reached skill level 8 in Slings
  1536 | D:3      | Killed from afar by an orc priest

Skill      XL: |  1  2  3  4 |
---------------+-------------+-----
Slings         | 6 7 8 |  8.5
Fighting       | |  1.7
Dodging        | |  2.1
Stealth        | |  1.1

Action                   |  1- 3 |  4- 6 || total
-------------------------+-------+-------++-------
 Fire: Hunting sling     |    90 |    28 ||   118
  Use: Potion            |       |     2 ||     2
  Eat: Chunk             |       |     1 ||     1
Armor: Leather armour    |     7 |       ||     7
Dodge: Dodged            |    14 |     2 ||    16
